 Dungeon Crawl Stone Soup version 0.29.0-4-gdea44cf6ec (webtiles) character file.

Game seed: 2839484232959398284

4563 Iusername the Carver (level 10, -2/88 HPs)
             Began as a Minotaur Fighter on Aug 26, 2022.
             Was a Priest of Dithmenos.
             Shot with a bolt by an orc warrior (9 damage)
             ... on level 8 of the Dungeon.
             The game lasted 00:17:49 (9832 turns).

Iusername the Carver (Minotaur Fighter)             Turns: 9832, Time: 00:17:50

Health: -2/88      AC: 14    Str: 26    XL:     10   Next: 18%
Magic:  2/9        EV:  9    Int: 11    God:    Dithmenos [***...]
Gold:   366        SH:  0    Dex: 18    Spells: 9/9 levels left

rFire   . . .      SeeInvis .   f - +12 great sword of the Spheres {speed, *Corrode rN+ Will+++ Stlth+}
rCold   + . .      Faith    +   (shield currently unavailable)
rNeg    + . .      Spirit   .   o - +0 plate armour
rPois   .          Reflect  .   (helmet restricted)
rElec   .          Harm     .   h - +2 cloak
rCorr   .          Rampage  .   b - +2 pair of gloves {infuse}
Will    +++..                   i - +0 pair of boots
Stlth   ..........              p - amulet "Fossin" {Faith rC+ Str+3}
HPRegen 0.24/turn               t - +6 ring of intelligence
MPRegen 0.11/turn               B - +6 ring of dexterity

@: mighty, corroded, on berserk cooldown, slowed, wreathed by umbra, very slow
A: horns 2, retaliatory headbutt
a: Renounce Religion, Shadow Step


You were on level 8 of the Dungeon.
You worshipped Dithmenos.
Dithmenos was most pleased with you.
You visited 1 branch of the dungeon, and saw 8 of its levels.

You collected 1089 gold pieces.
You spent 723 gold pieces at shops.

Inventory:

Hand Weapons
 a - a +0 long sword
 f - the +12 great sword of the Spheres (weapon) {speed, *Corrode rN+ Will+++ Stlth+}
   (You acquired it on level 6 of the Dungeon)

   Attacks with this weapon are significantly faster.
   rN:        It protects you from negative energy.
   *Corrode:  It may corrode you when you take damage.
   Will:      It greatly increases your willpower.
   Stlth:     It makes you more stealthy.
 C - a +4 flail of protection
Missiles
 M - 3 throwing nets
Armour
 b - a +2 pair of gloves of infusion (worn)
 h - a +2 cloak (worn)
 i - a +0 pair of boots (worn)
 o - a +0 plate armour (worn)
Jewellery
 p - the amulet "Fossin" (around neck) {Faith rC+ Str+3}
   (You bought it in a shop on level 3 of the Dungeon)

   [amulet of faith]

   It allows you to gain divine favour quickly.
   Str:       It affects your strength (+3).
   rC:        It protects you from cold.
 t - a +6 ring of intelligence (left hand)
 B - a +6 ring of dexterity (right hand)
Wands
 I - a wand of flame (6) (quivered)
 K - a wand of roots (10)
Scrolls
 g - 2 scrolls of immolation {unknown}
 j - 3 scrolls of teleportation
 k - 2 scrolls of blinking
 l - a scroll of poison
 n - 2 scrolls of amnesia {unknown}
 q - 2 scrolls of noise
 v - 2 scrolls of enchant armour {unknown}
 w - a scroll of torment
 y - 4 scrolls of vulnerability {unknown}
 E - a scroll of fear {unknown}
 L - a scroll of enchant weapon
Potions
 c - a potion of attraction {unknown}
 d - 2 potions of might
 e - 2 potions of mutation {unknown}
 m - a potion of invisibility {unknown}
 r - 2 potions of lignification {unknown}
 s - a potion of degeneration {unknown}
 u - 2 potions of flight {unknown}
 x - a potion of heal wounds {unknown}
 z - a potion of brilliance {unknown}
 A - a potion of ambrosia {unknown}
 D - 2 potions of magic {unknown}
 F - a potion of haste {unknown}
 G - a potion of berserk rage {unknown}
 H - a potion of resistance {unknown}
 J - 3 potions of curing


   Skills:
 + Level 7.9 Fighting
 + Level 10.8 Long Blades
 + Level 4.9 Maces & Flails
 + Level 9.3 Armour
 + Level 4.1 Dodging
 + Level 2.7 Stealth
 + Level 5.5 Shields
 + Level 0.6 Evocations


You had 9 spell levels left.
You didn't know any spells.
Your spell library contained the following spells:

 Spells                   Type           Power      Damage    Failure   Level
 Magic Dart               Conj           0%         1d3       98%         1
 Sandblast                Erth           0%         2d4       98%         1
 Sting                    Tmut/Pois      0%         1d3       98%         1
 Passwall                 Tmut/Erth      0%         N/A       99%         2
 Poisonous Vapours        Pois/Air       0%         N/A       99%         2
 Searing Ray              Conj           0%         2d4       99%         2
 Call Canine Familiar     Summ           0%         N/A       100%        3
 Portal Projectile        Hex/Tloc       0%         N/A       100%        3
 Stone Arrow              Conj/Erth      0%         3d7       100%        3
 Tukima's Dance           Hex            0%         N/A       100%        3
 Fulminant Prism          Conj/Hex       0%         3d6       100%        4
 Leda's Liquefaction      Hex/Erth       0%         N/A       100%        4
 Olgreb's Toxic Radiance  Pois           0%         N/A       100%        4
 Passage of Golubria      Tloc           0%         N/A       100%        4
 Yara's Violent Unravell  Hex/Tmut       0%         3d3       100%        5


Dungeon Overview and Level Annotations

Branches:
Dungeon (8/15)             Temple (0/1) D:5
   Lair: D:8-11

Altars:
Ashenzari
Dithmenos
Elyvilon
Nemelex Xobeh
Trog
Vehumet
Wu Jian

Shops:
D:2 (   D:3 =


Innate Abilities, Weirdness & Mutations

You have a pair of horns on your head.
You reflexively headbutt those who attack you in melee.


Message History

The stone hits you but does no damage.
You feel sick. The kobold barely misses you.
The kobold hits you with a +0 dagger.
Your corrosive artefact corrodes you!
Items here: )) [ †.
You slice the kobold!!
You kill the kobold!
Dithmenos accepts your kill.
You feel sick.
You feel sick. The kobold hits you but does no damage.
Items here: ! ( )))) = ††.
You slice the kobold!!
You kill the kobold!
Dithmenos accepts your kill.
You feel sick.
You feel sick.
Items here: ( )) †.
You start resting.
You feel a strong urge to attack something.
You feel sick.
You start resting.
You are no longer berserk.
You are exhausted.
You feel yourself slow down.
You start resting.
You feel sick. x3
You are no longer poisoned.
You start resting.
An orc warrior comes into view. It is wielding a +0 short sword.
An orc warrior is nearby!
An orc warrior is nearby!
An orc warrior is nearby!
An orc warrior is nearby!
The orc warrior shouts!
The orc warrior unwields a +0 short sword.
The orc warrior wields a +0 arbalest.
The orc warrior shoots a bolt.
The bolt hits you!!
* * * LOW HITPOINT WARNING * * *
The orc warrior shoots a bolt.
The bolt hits you.
* * * LOW HITPOINT WARNING * * *
The orc warrior shoots a bolt.
The bolt hits you!
You die...

. .. ... ### ....
.>. .... #.#
..##..#### #.#
#......@###.####.#
..o#####))##...†..#
#.#)))..#####
#.#)#....#
#)#.##.<..# #...#
#..#.# #.#$# #..#.#
#.#.# #..#.# .#.#
...#.#


You could see an orc warrior.

Vanquished Creatures
  A two-headed ogre (D:8)
  Psyche (D:8)
  A troll (D:7)
  Grinder (D:3)
  Prince Ribbit (D:7)
  Sigmund (D:3)
  A wyvern (D:7)
  A steam dragon (D:7)
  A water moccasin (D:7)
  An ice beast (D:6)
  A black bear (D:5)
  A sky beast (D:7)
  An orc warrior (D:7)
  5 ogres
  A phantom (D:6)
  2 kobold brigands
  4 scorpions
  8 wights (D:7)
  2 howler monkeys (D:8)
  4 hounds
  An orc priest (D:5)
  2 gnoll boudas
  A jelly (D:5)
  5 iguanas
  8 orc wizards
  12 gnolls
  3 adders
  2 shadow imps (D:5)
  A white imp (D:6)
  An ufetubus (D:6)
  A worm (D:3)
  A dart slug (D:3)
  31 orcs
  5 ball pythons
  4 endoplasms
  3 giant cockroaches
  7 goblins
  9 hobgoblins
  7 quokkas
  4 bats
  A frilled lizard (D:1)
  18 kobolds
  3 rats
169 creatures vanquished.

Vanquished Creatures (others)
  A wizard (D:4)
  8 plants
  10 withered plants (D:2)
19 creatures vanquished.

Grand Total: 188 creatures vanquished

Notes
Turn   | Place    | Note
-------+----------+-------------------------------------------
     0 | D:1      | Iusername the Minotaur Fighter began the quest for the Orb.
     0 | D:1      | Reached XP level 1. HP: 19/19 MP: 0/0
   260 | D:1      | Reached XP level 2. HP: 27/27 MP: 1/1
   773 | D:2      | Found a white marble altar of Elyvilon.
   928 | D:2      | Reached XP level 3. HP: 33/33 MP: 2/2
  1433 | D:2      | Found a faded altar of an unknown god.
  1573 | D:2      | Found Noith's Antique Weapon Emporium.
  1771 | D:3      | Found an ornate altar of the Wu Jian Council.
  1910 | D:3      | Found a radiant altar of Vehumet.
  2004 | D:3      | Reached skill level 3 in Long Blades
  2031 | D:3      | Found Ywnudit's Jewellery Shoppe.
  2031 | D:3      | Noticed Grinder
  2050 | D:3      | Killed Grinder
  2051 | D:3      | Reached skill level 5 in Long Blades
  2051 | D:3      | Reached skill level 5 in Armour
  2051 | D:3      | Reached skill level 1 in Dodging
  2051 | D:3      | Reached XP level 4. HP: 22/41 MP: 3/3
  2051 | D:3      | Reached XP level 5. HP: 25/47 MP: 4/4
  2624 | D:3      | Identified a scroll of acquirement
  2625 | D:3      | Acquired 669 gold pieces
  2631 | D:3      | Bought the amulet "Fossin" {Faith rC+ Str+3} for 723 gold
                  | pieces
  2646 | D:3      | Found a broken altar of Ashenzari.
  2856 | D:3      | Found a sparkling altar of Nemelex Xobeh.
  2856 | D:3      | Noticed Sigmund
  2901 | D:3      | Killed Sigmund
  2902 | D:3      | Reached XP level 6. HP: 5/53 MP: 5/5
  3805 | D:4      | Found a bloodstained altar of Trog.
  3837 | D:4      | Reached skill level 6 in Long Blades
  3837 | D:4      | Reached XP level 7. HP: 56/60 MP: 6/6
  4748 | D:4      | Noticed a wizard
  4754 | D:4      | Killed a wizard
  4826 | D:4      | Reached skill level 5 in Fighting
  5545 | D:5      | Entered Level 5 of the Dungeon
  5547 | D:5      | Found a shadowy altar of Dithmenos.
  5561 | D:5      | Became a worshipper of Dithmenos the Shadowed
  5597 | D:5      | Reached skill level 1 in Maces & Flails
  5633 | D:5      | Found a staircase to the Ecumenical Temple.
  5667 | D:5      | Reached XP level 8. HP: 63/69 MP: 7/7
  5737 | D:5      | Reached skill level 5 in Shields
  5868 | D:5      | Reached * piety under Dithmenos
  6866 | D:6      | Acquired the +12 great sword of the Spheres {speed,
                  | *Corrode rN+ Will+++ Stlth+}
  7050 | D:6      | Reached skill level 1 in Stealth
  7135 | D:6      | Identified the +1 ring mail "Ryxtyxtu" {-Tele rElec rPois
                  | MP+9}
  7151 | D:6      | Reached skill level 7 in Long Blades
  7799 | D:7      | Reached ** piety under Dithmenos
  7800 | D:7      | Reached XP level 9. HP: 75/75 MP: 8/8
  7811 | D:7      | Reached skill level 8 in Long Blades
  7813 | D:7      | Noticed Prince Ribbit
  7845 | D:7      | Killed Prince Ribbit
  8275 | D:7      | Noticed a troll
  8286 | D:7      | Killed a troll
  8287 | D:7      | Reached skill level 9 in Long Blades
  8877 | D:7      | Reached skill level 10 in Long Blades
  9299 | D:7      | Reached *** piety under Dithmenos
  9792 | D:8      | Noticed a two-headed ogre
  9793 | D:8      | Noticed Psyche
  9803 | D:8      | Killed a two-headed ogre
  9804 | D:8      | Reached XP level 10. HP: 68/88 MP: 1/9
  9814 | D:8      | Killed Psyche
  9832 | D:8      | Shot with a bolt by an orc warrior

Illustrated notes

Levels and vault maps discovered:
D:1:      heliophobic_arrival_ceremonial_halls, layout_rooms
D:2:      layout_loops_corners, basic_altar,
          shapermc_ecumenical_altar_flowoftime, serial_shops,
          nicolae_lakefront_shop, minivault_11, kennysheep_another_room,
          minmay_close_crescents
D:3:      layout_loops_ring, cheibrodos_ashenzari_chains,
          mainiacjoe_overflow_boulevard, overflow_temple_1_default,
          mainiacjoe_overflow_alcove_4, serial_shops, shop, uniq_sigmund,
          uniq_grinder
D:4:      layout_cave_pods, trog_wizard
D:5:      layout_loops_ring, grunt_dithmenos_smoke, minmay_temple_entry_slanted
D:6:      layout_cave_pods, chequers_serial_rivers_room_b
D:7:      layout_basic, abandoned_shop, grunt_ogre_cave, uniq_prince_ribbit1
D:8:      nicolae_whirlpool, layout_basic, minmay_overflow_temple_star_hex,
          minmay_misc_feat_enclosed, kennysheep_big_empty_room, minmay_circle_x,
          uniq_psyche

Skill      XL: |  1  2  3  4  5  6  7  8  9 |
---------------+----------------------------+-----
Armour         | 4 5 6 7 8 9 |  9.3
Fighting       | 4 5 6 7 |  7.9
Shields        | 4 5 |  5.5
Long Blades    | 5 6 7 10 | 10.8
Dodging        | 1 2 3 4 |  4.1
Maces & Flails | 1 4 |  4.9
Stealth        | 1 2 |  2.7
Evocations     | |  0.6

Action                   |  1- 3 |  4- 6 |  7- 9 | 10-12 || total
-------------------------+-------+-------+-------+-------++-------
Melee: Long sword        |   127 |    82 |    16 |       ||   225
       Headbutt          |    12 |    11 |    39 |       ||    62
       Flail             |       |       |    97 |       ||    97
       Great sword       |       |       |   105 |    12 ||   117
Evoke: Wand              |       |       |     6 |       ||     6
  Use: Potion            |     1 |     1 |       |       ||     2
       Scroll            |       |     3 |     7 |       ||    10
 Stab: Sleeping          |       |       |     3 |       ||     3
Armor: Scale mail        |    75 |    39 |    91 |       ||   205
       Plate armour      |       |       |     4 |    14 ||    18
Dodge: Dodged            |    65 |    33 |   149 |     3 ||   250
Block: Buckler           |    24 |    14 |    41 |       ||    79
